 Dungeon Crawl Stone Soup version 0.22-a0-460-g49b1da7 (webtiles) character file.

4244 Kryn the Grappler (level 10, -6/92 HPs)
             Began as a Troll Fighter on June 10, 2018.
             Was a Priest of Makhleb.
             Mangled by a black mamba (10 damage)
             ... on level 1 of the Lair of Beasts.
             The game lasted 01:22:32 (9932 turns).

Kryn the Grappler (Troll Fighter)                   Turns: 9932, Time: 01:22:33

Health: -6/92      AC:  5    Str: 33    XL:     10   Next: 9%
Magic:  9/9        EV: 11    Int:  4    God:    Makhleb [***...]
Gold:   317        SH: 10    Dex:  9    Spells: 9/9 levels left

rFire    + . .     SeeInvis .     - Unarmed
rCold    + . .     Gourm    +   b - +0 shield
rNeg     . . .     Faith    .   a - +0 robe
rPois    .         Spirit   .   (helmet restricted)
rElec    .         Reflect  .   w - scarf {rC+ rF+}
rCorr    .         Harm     .   (gloves unavailable)
MR       +....     Clarity  +   (boots unavailable)
Stlth    +.........             C - amulet "Ytoop" {Regen+ Str+4}
HPRegen  1.05/turn              H - ring of Ru's Righteous Fury {+Fly MR+}
MPRegen  0.11/turn              (no ring)

@: lethally poisoned (-6 -> -7)
A: large, unfitting armour, claws 3, clarity, fast metabolism 3, gourmand,
regeneration 1, shaggy fur 1, tough skin 2, wild magic 1
a: Minor Destruction, Lesser Servant of Makhleb, Renounce Religion, Evoke Flight


You were on level 1 of the Lair of Beasts.
You worshipped Makhleb.
Makhleb was most pleased with you.
You were completely stuffed.

You visited 3 branches of the dungeon, and saw 10 of its levels.
You also visited: Bailey.

You collected 317 gold pieces.

Inventory:

Hand Weapons
 o - a +0 hunting sling
 r - a +0 spear of freezing
 v - a cursed -2 hand axe
 D - a +1 spear of piercing
 F - a +0 long sword
 K - a cursed +0 spear
Missiles
 i - 80 stones (quivered)
 k - 81 sling bullets
 n - 16 poisoned needles
 u - 2 poisoned tomahawks
 I - 18 tomahawks of returning
Armour
 a - a +0 robe (worn)
 b - a +0 shield (worn)
 e - a +4 ring mail of cold resistance
 w - a scarf of resistance (worn)
 B - a +0 scale mail of cold resistance
 J - a +0 animal skin
Jewellery
 p - an uncursed amulet of the gourmand
 C - the amulet "Ytoop" (around neck) {Regen+ Str+4}
   (You found it on level 4 of the Dungeon)

   [amulet of regeneration]

   It affects your strength (+4).
   It increases your rate of regeneration.
 H - the ring of Ru's Righteous Fury (left claw) {+Fly MR+}
   (You found it in a bailey)

   [ring of flight]

   It affects your resistance to hostile enchantments.
   It lets you fly.
Wands
 s - a wand of iceblast (10)
 E - a wand of polymorph (15)
 G - a wand of random effects (24)
Scrolls
 g - 7 scrolls of identify
 h - a scroll of remove curse {unknown}
 m - 2 scrolls of enchant weapon {unknown}
 q - a scroll of teleportation {unknown}
 t - a scroll of enchant armour {unknown}
 x - 3 scrolls of noise {unknown}
 y - 2 scrolls of fog {unknown}
 z - 2 scrolls of amnesia {unknown}
 A - a scroll of magic mapping {unknown}
Potions
 c - 2 potions of might
 f - 3 potions of mutation
 j - 4 potions of agility
 l - a potion of brilliance
Comestibles
 d - 12 rations


   Skills:
 + Level 3.8 Fighting
 + Level 6.0 Throwing
 + Level 6.2 Dodging
 + Level 1.4 Stealth
 + Level 5.6 Shields
 + Level 8.4 Unarmed Combat


You had 9 spell levels left.
You didn't know any spells.
Your spell library contained the following spells:

 Spells                   Type           Power        Failure   Level  Hunger
 Spider Form              Tmut/Pois      #.........   99%         3    ####...
 Blade Hands              Tmut           #.........   100%        5    ######.
 Ice Form                 Ice/Tmut       #.......     100%        4    #####..
 Sticks to Snakes         Tmut           #.......     91%         2    ###....
 Beastly Appendage        Tmut           #.....       82%         1    ##.....


Dungeon Overview and Level Annotations

Branches:
Dungeon (8/15)             Temple (1/1) D:5            Lair (1/6) D:8

Altars:
Ashenzari
Cheibriados
Dithmenos
Elyvilon
Fedhas
Gozag
Hepliaklqana
Kikubaaqudgha
Makhleb
Nemelex Xobeh
Okawaru
Qazlal
Ru
Sif Muna
Trog
Uskayaw
Vehumet
Wu Jian
Xom
Yredelemnul
Zin
The Shining One

Shops:
D:8 (

Annotations:
D:3 2 transporters, Menkaure


Innate Abilities, Weirdness & Mutations

You are too large for most types of armour.
You have claws for hands.
Your metabolism is lightning-fast.
You like to eat raw meat.
Your natural rate of healing is unusually fast.
You are covered in fur. (AC +1)
You have very tough skin. (AC +2)
You possess an exceptional clarity of mind.
Your spells are a little harder to cast, but a little more powerful.


Message History

You are more poisoned.
The black mamba poisons you!
You feel very sick. The black mamba misses you.
You feel better. The black mamba bites you.
You are poisoned.
The black mamba poisons you! The black mamba closely misses you.
You feel sick. You block the black mamba's attack.
You feel sick. The black mamba bites you!
* * * LOW HITPOINT WARNING * * *
You feel sick.
You feel sick. You block the black mamba's attack.
You feel sick. The black mamba misses you. You block the black mamba's attack.
You feel sick. The black mamba barely misses you. The black mamba bites you!
* * * LOW HITPOINT WARNING * * *
You feel sick. The black mamba bites you!
You die...

###....### ### #...P#...........
#P#....##.###.###...##...........
...............##...##...........
.................................
.##.....##.......................
...)...####.##...................
####..#####..####....#...........
.............P##....##...###....#
................@S......... ....
............................ ..
.............................
.............................
.............#.#.####.####
.............#.### .#
........(....#.# .#
...........#... ...........#....


You could see a black mamba.

Vanquished Creatures
  A troll (D:8)
  A human (D:7)
  4 hogs (D:7)
  Duvessa (D:5)
  3 orc warriors
  2 ogres (D:7)
  3 wolves (D:8)
  5 bullfrogs
  A gnoll sergeant (D:8)
  Dowan (D:5)
  A scorpion (D:4)
  A water moccasin skeleton (D:7)
  13 killer bees
  6 wights
  3 howler monkeys (D:8)
  3 electric eels (D:8)
  A bullfrog zombie (D:7)
  3 crimson imps
  2 quasits (D:8)
  2 orc priests
  6 hounds
  2 jellies
  Jessica (D:2)
  Terence (D:2)
  An iguana (D:5)
  Natasha (twice) (D:2)
  An orc wizard (D:8)
  2 worker ants
  A hound skeleton (D:8)
  10 gnolls
  3 adders
  An adder skeleton (D:8)
  A worm (D:2)
  6 dart slugs
  10 leopard geckos
  15 orcs
  11 bats
  5 giant cockroaches
  11 goblins
  8 hobgoblins
  15 jackals
  A quokka (D:2)
  A ball python (D:7)
  6 frilled lizards
  A jackal zombie (D:5)
  18 kobolds
  A leopard gecko skeleton (D:2)
  4 rats
  A fungus (Lair:1)
203 creatures vanquished.

Notes
Turn   | Place    | Note
-------+----------+-------------------------------------------
     0 | D:1      | Kryn the Troll Fighter began the quest for the Orb.
     0 | D:1      | Reached XP level 1. HP: 22/22 MP: 0/0
    72 | D:1      | Reached XP level 2. HP: 27/29 MP: 1/1
   180 | D:1      | Gained mutation: You possess an exceptional clarity of mind. [potion of mutation]
   180 | D:1      | Gained mutation: Your spells are a little harder to cast, but a little more powerful. [potion of mutation]
   442 | D:1      | Reached XP level 3. HP: 36/36 MP: 2/2
  1326 | D:2      | Noticed Jessica
  1343 | D:2      | Killed Jessica
  1343 | D:2      | Reached XP level 4. HP: 24/44 MP: 3/3
  1547 | D:2      | Noticed Terence
  1551 | D:2      | Killed Terence
  1551 | D:2      | Reached skill level 3 in Unarmed Combat
  1627 | D:2      | Reached skill level 1 in Throwing
  1807 | D:2      | Noticed Natasha
  1822 | D:2      | Killed Natasha
  1822 | D:2      | Reached XP level 5. HP: 52/52 MP: 4/4
  1891 | D:2      | Found a burning altar of Makhleb.
  1906 | D:2      | Became a worshipper of Makhleb the Destroyer
  2176 | D:2      | Noticed Natasha
  2190 | D:2      | Killed Natasha
  2398 | D:3      | Found a basalt altar of Yredelemnul.
  2399 | D:3      | Found a transporter.
  2401 | D:3      | Found a transporter.
  2405 | D:3      | Noticed Menkaure
  2408 | D:3      | Noticed a hungry ghost
  2421 | D:3      | Found an ancient bone altar of Kikubaaqudgha.
  2755 | D:3      | Reached * piety under Makhleb
  2791 | D:3      | Found a radiant altar of Vehumet.
  3323 | D:4      | Reached XP level 6. HP: 58/59 MP: 5/5
  3580 | D:4      | Got a smoking brass amulet
  3582 | D:4      | Identified the amulet "Ytoop" {Regen+ Str+4} (You found it on level 4 of the Dungeon)
  3973 | D:4      | Reached skill level 4 in Unarmed Combat
  4332 | D:5      | Entered Level 5 of the Dungeon
  4401 | D:5      | Found a radiant altar of Vehumet.
  4440 | D:5      | Found a stormy altar of Qazlal.
  4601 | D:5      | Got a transparent leather armour
  4606 | D:5      | Found a staircase to the Ecumenical Temple.
  4635 | Temple   | Entered the Ecumenical Temple
  5380 | D:5      | Noticed an orc warrior
  5484 | D:5      | Killed an orc warrior
  5484 | D:5      | Reached XP level 7. HP: 67/67 MP: 6/6
  5838 | D:6      | Noticed Duvessa
  5838 | D:6      | Noticed Dowan
  5861 | D:5      | Killed Duvessa
  5861 | D:5      | Reached skill level 5 in Unarmed Combat
  5872 | D:5      | Killed Dowan
  6322 | D:6      | Reached XP level 8. HP: 59/75 MP: 7/7
  6411 | D:6      | Reached skill level 6 in Unarmed Combat
  6586 | D:7      | Found a flagged portal.
  6594 | Bailey   | Entered a bailey
  6609 | Bailey   | Got the ring of Ru's Righteous Fury {+Fly}
  6768 | Bailey   | Reached ** piety under Makhleb
  7334 | D:7      | Reached skill level 5 in Throwing
  7345 | D:7      | Reached skill level 7 in Unarmed Combat
  7345 | D:7      | Reached XP level 9. HP: 38/83 MP: 8/8
  7366 | D:7      | Identified the ring of Ru's Righteous Fury {+Fly MR+} (You found it in a bailey)
  7463 | D:8      | Found Epist's Antique Weapon Emporium.
  8320 | D:7      | Reached skill level 5 in Dodging
  8514 | D:8      | Reached skill level 5 in Shields
  8546 | D:8      | Found an iron altar of Okawaru.
  8567 | D:8      | Reached skill level 1 in Stealth
  8739 | D:8      | Noticed a troll
  8753 | D:8      | Killed a troll
  8753 | D:8      | Reached skill level 8 in Unarmed Combat
  8823 | D:8      | Reached *** piety under Makhleb
  9249 | D:8      | Found a staircase to the Lair.
  9423 | D:8      | Reached XP level 10. HP: 92/92 MP: 9/9
  9787 | Lair:1   | Entered Level 1 of the Lair of Beasts
  9907 | Lair:1   | Noticed a black mamba
  9930 | Lair:1   | HP: 3/92 [black mamba (17)]
  9932 | Lair:1   | Mangled by a black mamba

Vault maps used:
D:1:      dpeg_arrival_renting, serial_curves, eino_curves_02, eino_curves_02
D:2:      makhleb_blood_cavern_becter, first_ration, uniq_natasha, uniq_jessica,
          uniq_terence
D:3:      vehumet_crystals, gammafunk_temple_of_torment,
          kennysheep_generic_room_16
D:5:      minmay_temple_entry_grid, basic_altar,
          nicolae_qazlal_general_emergency
D:6:      patterned_corridor, uniq_duvessa
D:7:      enter_bailey_3, grunt_livestock
D:8:      erik_lair_island, serial_shops, shop, nicolae_shop_statue_plus,
          nicolae_shop_statue_plus, basic_altar, tgw_kikubaaqudgha
Temple:   dpeg_five_rooms_temple
Lair:1:   grunt_forest_large_clearing_hut, uniq_erica
Bailey:   bailey_axe_4, bailey

Skill      XL: |  1  2  3  4  5  6  7  8  9 10 |
---------------+-------------------------------+-----
Dodging        | 3 4 6 |  6.2
Shields        | 3 4 5 |  5.6
Unarmed Combat | 3 4 5 7 8 |  8.4
Throwing       | 1 2 5 6 |  6.0
Fighting       | 3 |  3.8
Stealth        | 1 |  1.4

Action                   |  1- 3 |  4- 6 |  7- 9 | 10-12 || total
-------------------------+-------+-------+-------+-------++-------
Melee: Unarmed           |   114 |   213 |   315 |    46 ||   688
Throw: Stone             |    39 |    82 |   194 |    34 ||   349
  Use: Potion            |     4 |     4 |     6 |     1 ||    15
       Scroll            |       |     3 |       |       ||     3
 Stab: Invisible         |     2 |       |       |       ||     2
       Sleeping          |     1 |       |       |       ||     1
  Eat: Chunk             |    17 |    29 |    27 |     5 ||    78
       Ration            |       |     3 |     3 |       ||     6
Armor: Robe              |    26 |    54 |    60 |     4 ||   144
       Skin              |       |       |     6 |       ||     6
Dodge: Dodged            |    25 |    76 |   158 |    21 ||   280
Block: Shield            |    46 |   113 |   202 |    24 ||   385

Table legend:
 A = Spawn XP
 B = Non-spawn XP
 C = Spawn XP percentage of total XP
 D = Spawn monster count
 E = Non-spawn monster count
 F = Spawn count percentage of total count
 G = Total turns spent on level
                    A         B        C        D         E        F      G
               +---------+---------+-------+---------+---------+-------+---------
         Total |       0 |    6063 |   0.0 |       0 |     202 |   0.0 |  9932
               +---------+---------+-------+---------+---------+-------+---------
           D:1 |       0 |      51 |   0.0 |       0 |      26 |   0.0 |  1183
           D:2 |       0 |     250 |   0.0 |       0 |      34 |   0.0 |  1138
           D:3 |       0 |      51 |   0.0 |       0 |      25 |   0.0 |   891
           D:4 |       0 |     195 |   0.0 |       0 |       8 |   0.0 |  1171
           D:5 |       0 |     609 |   0.0 |       0 |      21 |   0.0 |  1214
           D:6 |       0 |     374 |   0.0 |       0 |       8 |   0.0 |   658
           D:7 |       0 |    1815 |   0.0 |       0 |      24 |   0.0 |  1634
           D:8 |       0 |    2473 |   0.0 |       0 |      44 |   0.0 |  1363
        Lair:1 |       0 |      96 |   0.0 |       0 |       1 |   0.0 |   145
        Bailey |       0 |     149 |   0.0 |       0 |      11 |   0.0 |   245
               +---------+---------+-------+---------+---------+-------+---------
